 Dungeon Crawl Stone Soup version 0.30-a0-728-gc68057be0a (webtiles) character file.

Game seed: 15316096522453326611

31 avis the Ducker (level 2, -3/24 HPs)
             Began as a Demigod Warper on Feb 1, 2023.
             Slain by a gnoll
             ... wielding a +0 halberd
              (11 damage)
             ... on level 2 of the Dungeon.
             The game lasted 00:03:27 (793 turns).

avis the Ducker (Demigod Warper)                     Turns: 793, Time: 00:03:27

Health: -3/24      AC:  4    Str: 12    XL:     2   Next: 90%
Magic:  7/7        EV: 12    Int: 15    God:
Gold:   71         SH:  0    Dex: 13    Spells: 2/4 levels left

rFire   . . .      SeeInvis .    a - +0 falchion
rCold   . . .      Faith    .    (no shield)
rNeg    . . .      Spirit   .    b - +0 leather armour
rPois   .          Reflect  .    e - +0 helmet
rElec   .          Harm     .    (no cloak)
rCorr   .          Rampage  .    (no gloves)
Will    .....                    (no boots)
Stlth   +                        (no amulet)
HPRegen 0.24/turn                (no ring)
MPRegen 0.10/turn                (no ring)

@: no status effects
A: high MP 1, forlorn, divine attributes
a: no special abilities


You were on level 2 of the Dungeon.
You visited 1 branch of the dungeon, and saw 2 of its levels.

You collected 71 gold pieces.

Inventory:

Hand Weapons
 a - a +0 falchion (weapon)
Missiles
 d - 7 boomerangs of dispersal (quivered)
 i - 4 poisoned darts
Armour
 b - a +0 leather armour (worn)
 e - a +0 helmet (worn)
Scrolls
 c - 2 scrolls of blinking
 f - a scroll of magic mapping {unknown}
 h - 3 scrolls of teleportation {unknown}
Potions
 g - a potion of resistance {unknown}


   Skills:
 - Level 2.0 Fighting
 - Level 2.0 Long Blades
 - Level 0.8 Throwing
 - Level 1.0 Armour
 - Level 3.0 Dodging
 * Level 1.7 Spellcasting
 - Level 2.6 Translocations


You had 2 spell levels left.
You knew the following spells:

 Your Spells              Type           Power      Damage    Failure   Level
b - Blink                 Tloc           18%        N/A       14%         2

Your spell library contained the following spells:

 Spells                   Type           Power      Damage    Failure   Level
 Lesser Beckoning         Tloc           18%        N/A       14%         2
 Teleport Other           Tloc           9%         N/A       28%         3
 Vhi's Electric Charge    Tloc/Air       10%        N/A       45%         3
 Manifold Assault         Tloc           9%         N/A       67%         4


Dungeon Overview and Level Annotations

Branches:
Dungeon (2/15)


Innate Abilities, Weirdness & Mutations

You have an increased reservoir of magic. (+10% MP)
You shall have no god before yourself.
Your divine heritage dramatically boosts your attributes as you level up.


Message History

The orc barely misses you.
You slash the orc!
You kill the orc!
Training target 3.0 for Dodging reached!
Your Dodging skill increases to level 3!
You need to enable at least one skill for training.
You start resting.
HP restored.
Things that are here:
a +0 flail; a +0 spear
There is a stone staircase leading down, spattered with blood here.
You climb downwards.
The rat closely misses you.
There is a stone staircase leading up here.
The rat misses you.
You climb upwards.
There is a stone staircase leading down, spattered with blood here.
You hit the rat.
You kill the rat!
You climb downwards.
The gnoll barely misses you.
The gnoll hits you from afar with a +0 halberd.
There is a stone staircase leading up here.
The gnoll closely misses you.
You hit the gnoll.
The gnoll is moderately wounded.
The gnoll barely misses you.
You hit the gnoll but do no damage.
The gnoll is moderately wounded.
The gnoll hits you with a +0 halberd!
Ouch! That really hurt!
You barely miss the gnoll.
The gnoll is moderately wounded.
The gnoll hits you with a +0 halberd.
* * * LOW HITPOINT WARNING * * *
You closely miss the gnoll.
The gnoll is moderately wounded.
The gnoll barely misses you.
You hit the gnoll.
The gnoll is moderately wounded.
The gnoll hits you but does no damage. The gnoll hits you with a +0 halberd!
You die...

### ##.. #...
#..# #..# .####
#..# #
.....##..##.#.#
#........<.....#
#...#.##@###.###
.<.....g.....#
.......#.#####
.......#.#
#..$####.# #!.
.)# #. ### #


You could see a gnoll.

Vanquished Creatures
  2 gnolls (D:1)
  An orc (D:1)
  A giant cockroach (D:1)
  A quokka (D:1)
  2 bats (D:1)
  2 goblins (D:1)
  3 rats (D:1)
12 creatures vanquished.

Notes
Turn   | Place    | Note
-------+----------+-------------------------------------------
     0 | D:1      | avis the Demigod Warper began the quest for the Orb.
     0 | D:1      | Reached XP level 1. HP: 17/17 MP: 5/5
   262 | D:1      | Reached skill level 1 in Armour
   278 | D:1      | Reached skill level 2 in Dodging
   634 | D:1      | Reached XP level 2. HP: 17/24 MP: 7/7
   637 | D:1      | Learned a level 2 spell: Blink
   754 | D:1      | Reached skill level 3 in Dodging
   793 | D:2      | Slain by a gnoll

Illustrated notes

Levels and vault maps discovered:
D:1:      tarquinn_simple_flora_water_c, layout_basic
D:2:      layout_loops_cross, minmay_crystal_room, uniq_jessica

Skill      XL: |  1  2 |
---------------+-------+-----
Fighting       | 2 |  2.0
Long Blades    | 2 |  2.0
Armour         | 1 |  1.0
Dodging        | 2 3 |  3.0
Throwing       | |  0.8
Spellcasting   | |  1.7
Translocations | |  2.6

Action                     || total
---------------------------++-------
  Melee: Falchion          ||    32
         Punch             ||     1
   Stab: Sleeping          ||     1
 Armour: Leather armour    ||     7
  Dodge: Dodged            ||    24

Table legend: (Time is in decaauts)
 A = Elapsed time spent in this place.
 B = Non-inter-level travel time spent in this place.
 C = Inter-level travel time spent in this place.
 D = Time resting spent in this place.
 E = Time spent auto-exploring this place.
 F = Levels seen in this place.
 G = Mean time per level.
                   A        B        C        D        E       F      G
               +--------+--------+--------+--------+--------+-----+--------+
         Total |    803 |    780 |     23 |    130 |    499 |   2 |  401.5 |
       Dungeon |    803 |    780 |     23 |    130 |    499 |   2 |  401.5 |
               +--------+--------+--------+--------+--------+-----+--------+

Top non-repeatable levels by time:
     D:1: 778 daAuts
     D:2: 24 daAuts
